 Dungeon Crawl Stone Soup version 0.19.0-16-g73b5abf (webtiles) character file.

195 Pororoca the Spear-Bearer (level 5, -3/38 HPs)
             Began as a Merfolk Gladiator on Nov 10, 2016.
             Was an Initiate of Ru.
             Splashed by a jelly's acid (5 damage)
             ... on level 3 of the Dungeon.
             The game lasted 00:03:18 (2379 turns).

Pororoca the Spear-Bearer (Merfolk Gladiator)       Turns: 2379, Time: 00:03:19

Health: -3/38      AC: -4    Str: 15    XL:     5   Next: 74%
Magic:  5/5        EV: 14    Int:  7    God:    Ru [......]
Gold:   141        SH:  0    Dex: 16    Spells: 0 memorised, 4 levels left

rFire  . . .     SeeInvis .     a - +0 trident
rCold  . . .     Gourm    .     b - +0 leather armour
rNeg   . . .     Faith    .     (no shield)
rPois  .         Spirit   .     c - +0 helmet
rElec  .         Reflect  .     (no cloak)
rCorr  .         Harm     .     (no gloves)
MR     .....                    (no boots)
Stlth  +.........               (no amulet)
                                (no ring)
                                g - ring of wizardry

@: corroded
A: change form in water, swift swim, stealthy swim
a: Renounce Religion


You were on level 3 of the Dungeon.
You worshipped Ru.
Ru was noncommittal.
You were not hungry.

You visited 1 branch of the dungeon, and saw 3 of its levels.

You collected 141 gold pieces.

Inventory:

Hand Weapons
 a - a +0 trident (weapon)
Missiles
 d - 2 throwing nets (quivered)
Armour
 b - a +0 leather armour (worn)
 c - a +0 helmet (worn)
Jewellery
 g - a ring of wizardry (left hand)
Scrolls
 h - a scroll of enchant armour {unknown}
 m - a scroll of enchant weapon {unknown}
 n - a scroll of amnesia {unknown}
 p - a scroll of remove curse {unknown}
 s - a scroll of teleportation {unknown}
 t - a scroll of identify {unknown}
 v - 3 scrolls of fog {unknown}
 w - a scroll of magic mapping {unknown}
 y - a scroll of recharging {unknown}
 z - a scroll of random uselessness {unknown}
Potions
 e - 2 potions of resistance {unknown}
 k - a potion of curing {unknown}
 l - a potion of might {unknown}
 o - 2 potions of invisibility {unknown}
 q - 2 potions of flight {unknown}
 r - a potion of haste {unknown}
 u - a potion of brilliance {unknown}
 x - 2 potions of lignification {unknown}
 A - a potion of agility {unknown}
Comestibles
 f - 7 bread rations
 i - a royal jelly
 j - a slice of pizza
 B - 2 fruits


   Skills:
 - Level 2.1 Fighting
 + Level 9.0 Polearms
 - Level 2.0 Throwing
 - Level 4.0 Dodging


You had 4 spell levels left.
You didn't know any spells.

Dungeon Overview and Level Annotations

Branches:
Dungeon (3/15)

Altars:
Ru


Message History

The jelly barely misses you.
You puncture the jelly!
Your hands burn!
The jelly is severely wounded.
The jelly hits you. The acid corrodes you!
You are splashed with acid!
The acid burns!
* * * LOW HITPOINT WARNING * * *
You are too injured to fight recklessly!
Unknown command.
Throwing (i - inventory):
d - 3 throwing nets (quivered)
Press: ? - help, Shift-Dir - straight line, f/p - jelly
Aim: a jelly (severely wounded)
You throw a throwing net. The throwing net hits the jelly.
The jelly is caught in the net!
The jelly is severely wounded.
You hit the jelly but do no damage.
Your hands burn!
* * * LOW HITPOINT WARNING * * *
The jelly is severely wounded.
The jelly struggles against the net.
You hit the jelly but do no damage.
Your hands burn!
You die...

#.# #.# #.# #
##.## .# #....
###.###.######..##
#......<........#
#J# ########.# #@#
#.# #.# #.## #.#
#.## #.# #.##
#.########### #.##
#...........# #.##
###########.# #.##
#.# #.## #.# #.##


You could see a jelly (caught).

Vanquished Creatures
  Natasha (thrice) (D:2)
  5 adders
  2 worms (D:2)
  2 dart slugs
  A leopard gecko (D:3)
  An orc (D:3)
  A ball python (D:2)
  9 bats
  5 giant cockroaches
  7 goblins
  7 hobgoblins
  4 jackals (D:3)
  2 quokkas (D:2)
  6 kobolds
  A quokka skeleton (D:3)
  7 rats
63 creatures vanquished.

Notes
Turn   | Place    | Note
-------+----------+-------------------------------------------
     0 | D:1      | Pororoca the Merfolk Gladiator began the quest for the Orb.
     0 | D:1      | Reached XP level 1. HP: 16/16 MP: 1/1
    56 | D:1      | Reached skill level 5 in Polearms
    63 | D:1      | Reached XP level 2. HP: 5/22 MP: 2/2
   704 | D:1      | Reached skill level 6 in Polearms
   704 | D:1      | Reached XP level 3. HP: 26/27 MP: 3/3
   858 | D:2      | Noticed Natasha
   866 | D:2      | Killed Natasha
  1081 | D:2      | Reached XP level 4. HP: 33/33 MP: 4/4
  1104 | D:2      | Reached skill level 7 in Polearms
  1202 | D:2      | Found a sacrificial altar of Ru.
  1261 | D:2      | Noticed Natasha
  1459 | D:2      | Killed Natasha
  1459 | D:2      | Reached skill level 8 in Polearms
  1459 | D:2      | Reached XP level 5. HP: 21/38 MP: 5/5
  1607 | D:2      | Became a worshipper of Ru the Awakened
  1630 | D:2      | Noticed Natasha
  1642 | D:2      | Killed Natasha
  2216 | D:3      | Reached skill level 9 in Polearms
  2379 | D:3      | Splashed by a jelly's acid

Skill      XL: |  1  2  3  4  5 |
---------------+----------------+-----
Polearms       | 5 6 8 9 |  9.0
Fighting       | |  2.1
Throwing       | |  2.0
Dodging        | |  4.0

Action                   |  1- 3 |  4- 6 || total
-------------------------+-------+-------++-------
Melee: Trident           |    87 |   133 ||   220
       Tailslap          |       |     2 ||     2
Throw: Throwing net      |       |     1 ||     1
 Stab: Sleeping          |     2 |     1 ||     3
  Eat: Chunk             |       |     5 ||     5
Armor: Leather armour    |    12 |     7 ||    19
Dodge: Dodged            |    49 |    76 ||   125
